 Dungeon Crawl Stone Soup version 0.23.0 (webtiles) character file.

Game seed: 16029250373645490651

67 elfaar the Conjurer (level 4, -5/34 HPs)
             Began as a Draconian Conjurer on Feb 17, 2019.
             Slain by Grinder (9 damage)
             ... while paralysed by Grinder
             ... on level 3 of the Dungeon.
             The game lasted 00:14:42 (1663 turns).

elfaar the Conjurer (Draconian Conjurer)            Turns: 1663, Time: 00:14:42

Health: -5/34      AC:  5    Str: 10    XL:     4   Next: 0%
Magic:  7/7        EV:  2    Int: 17    God:
Gold:   77         SH:  0    Dex: 11    Spells: 1/7 levels left

rFire    + . .     SeeInvis +   g - +1 short sword (elec)
rCold    + . .     Gourm    .   (no shield)
rNeg     + . .     Faith    .   (armour unavailable)
rPois    +         Spirit   .   (helmet restricted)
rElec    +         Reflect  .   (no cloak)
rCorr    +         Harm     .   (no gloves)
MR       .....                  (no boots)
Stlth    ++........             (no amulet)
HPRegen  0.11/turn              d - ring of see invisible
MPRegen  0.10/turn              n - ring of positive energy

@: paralysed, resistant
A: unfitting armour, cold-blooded, AC +5
a: no special abilities


You were on level 3 of the Dungeon.
You were not hungry.

You visited 1 branch of the dungeon, and saw 3 of its levels.

You collected 77 gold pieces.

Inventory:

Hand Weapons
 g - a +1 short sword of electrocution (weapon)
Missiles
 f - 12 bolts
 k - 33 stones (quivered)
Jewellery
 d - a ring of see invisible (left hand)
 n - a ring of positive energy (right hand)
Scrolls
 a - a scroll of enchant weapon
 e - 2 scrolls of amnesia
 l - a scroll of fear {unknown}
Potions
 h - a potion of might
 m - a potion of resistance
Comestibles
 b - 5 rations


   Skills:
 + Level 0.6 Fighting
 + Level 0.3 Short Blades
   Level 0.4 Maces & Flails
 + Level 1.8 Dodging
 + Level 2.1 Stealth
 + Level 2.3 Spellcasting
 + Level 5.0 Conjurations


You had one spell level left.
You knew the following spells:

 Your Spells              Type           Power        Failure   Level  Hunger
a - Magic Dart            Conj           ###.         2%          1    #......
b - Searing Ray           Conj           ###...       3%          2    ##.....
c - Dazzling Spray        Conj/Hex       ##....       21%         3    ###....

Your spell library contained the following spells:

 Spells                   Type           Power        Failure   Level  Hunger
 Iskenderun's Mystic Bla  Conj           ###.....     24%         4    #####..
 Force Lance              Conj/Tloc      ##......     54%         4    #####..
 Fulminant Prism          Conj/Hex       ##........   54%         4    #####..


Dungeon Overview and Level Annotations

Branches:
Dungeon (3/15)

Altars:
Nemelex Xobeh

Annotations:
D:3 Grinder


Innate Abilities, Weirdness & Mutations

Your plain brown scales are hard. (AC +5)
You cannot fit into any form of body armour.
You are cold-blooded and may be slowed by cold attacks.


Message History

Grinder blinks!
You feel protected.
Grinder says, "DUCK!"
Grinder zaps a wand.
The puff of flame hits you. You resist. Grinder gestures at you.
You suddenly lose the ability to move!
The quokka bites you but does no damage.
Grinder zaps a wand.
The puff of flame misses you.
The quokka bites you but does no damage.
Grinder gestures at you.
You barely resist.
The quokka bites you but does no damage.
Grinder hits you!
* * * LOW HITPOINT WARNING * * *
You writhe in agony.
* * * LOW HITPOINT WARNING * * *
The quokka bites you.
* * * LOW HITPOINT WARNING * * *
Grinder hits you!
You die...

..<.............).###.########...
..........##......#...###§§°##...
.r.........#........####§☼☼○°#...
#........#.#..........##☼§○§○#...
......................##§§§☼☼#.⌠.
....).................###○§§##...
......................# ...
............<>........########'''
...............5@......##........
#........#÷.....r.......#.....###
........##.......................
.####...#<........)....##........
. #...#...[......######........ .
#..............# ###...... .
#...##.........# ..##... .
................>... #### ### #
.r...###############


You could see Grinder and a quokka.

Vanquished Creatures
  An adder (D:2)
  A worm (D:2)
  A dart slug (D:3)
  3 leopard geckos
  2 bats (D:1)
  A giant cockroach (D:1)
  7 goblins
  8 hobgoblins
  5 jackals
  7 kobolds
  3 frilled lizards
  7 rats
46 creatures vanquished.

Notes
Turn   | Place    | Note
-------+----------+-------------------------------------------
     0 | D:1      | elfaar the Draconian Conjurer began the quest for the Orb.
     0 | D:1      | Reached XP level 1. HP: 14/14 MP: 3/3
   389 | D:2      | Reached XP level 2. HP: 20/20 MP: 0/5
   393 | D:2      | Learned a level 2 spell: Searing Ray
   864 | D:1      | Reached XP level 3. HP: 26/26 MP: 3/6
   869 | D:1      | Learned a level 3 spell: Dazzling Spray
  1205 | D:3      | Reached skill level 5 in Conjurations
  1305 | D:3      | Noticed Grinder
  1341 | D:3      | Found a sparkling altar of Nemelex Xobeh.
  1361 | D:2      | Reached XP level 4. HP: 7/34 MP: 2/7
  1645 | D:3      | Paralysed by Grinder for 5 turns
  1659 | D:3      | Paralysed by Grinder for 7 turns
  1663 | D:3      | Slain by Grinder

Skill      XL: |  1  2  3 |
---------------+----------+-----
Stealth        | 2 |  2.1
Conjurations   | 5 |  5.0
Fighting       | |  0.6
Short Blades   | |  0.3
Maces & Flails | |  0.4
Dodging        | |  1.8
Spellcasting   | |  2.3

Action                   |  1- 3 |  4- 6 || total
-------------------------+-------+-------++-------
Melee: Whip              |    22 |       ||    22
       Tailslap          |     3 |       ||     3
       Short sword       |    17 |     1 ||    18
 Cast: Magic Dart        |    53 |     3 ||    56
       Searing Ray       |     1 |       ||     1
       Dazzling Spray    |     1 |       ||     1
  Use: Scroll            |     9 |       ||     9
       Potion            |       |     1 ||     1
  Eat: Chunk             |     2 |       ||     2
       Ration            |       |     1 ||     1
Armor: Skin              |    17 |     3 ||    20
Dodge: Dodged            |    23 |     2 ||    25
